Map: [TLMC15] Berlingrad

Players

Trap - Winner!

  • Race: Protoss Protoss

Clem

  • Race: Terran Terran

Event: DreamHack SC2 Masters 2021 Winter

VOD

Have the link to the VOD?

Description

Time

  • Played on: Nov. 13, 2021, 9:03 a.m.
  • Length: 14:25

All games in this series

Show
View Real Time Build Order
Export as new Build Order

Trap Protoss - Winner!

Build Orders: Oracle Opening 

Get SALT Encoding   

  12  0:00  Probe  
  13  0:12  Probe  
  14  0:17  Pylon  
  14  0:24  Probe (Chrono Boost)  
  15  0:36  Probe (Chrono Boost)  
  15  0:37  Gateway  
  16  0:45  Probe (Chrono Boost)  
  16  0:46  Assimilator  
  17  0:51  Probe  
  18  1:03  Probe  
  19  1:15  Probe  
  19  1:17  Assimilator  
  20  1:21  Pylon  
  20  1:24  Cybernetics Core  
  20  1:27  Zealot  
  20  1:29  Probe  
  23  1:41  Probe  
  24  1:53  Probe  
  25  2:02  Adept (Chrono Boost)  
  25  2:06  Probe  
  28  2:18  Probe  
  29  2:24  Stargate  
  29  2:28  Adept (Chrono Boost)  
  29  2:29  Warp Gate, Pylon  
  31  2:48  Nexus  
  31  2:51  Probe  
  34  3:03  Probe  
  35  3:07  Oracle (Chrono Boost)  
  35  3:12  Adept  
  38  3:16  Pylon  
  38  3:18  Probe  
  39  3:28  Gateway  
  39  3:34  Probe  
  38  3:41  Oracle  
  38  3:46  Probe  
  42  3:58  Pylon, Probe (Chrono Boost)  
  43  4:03  Twilight Council  
  43  4:09  Probe (Chrono Boost)  
  44  4:16  Probe (Chrono Boost)  
  45  4:18  Probe (Chrono Boost)  
  45  4:23  Stalker x2, Probe x2 (Chrono Boost)  
  52  4:34  Probe  
  52  4:36  Blink (Chrono Boost), Gateway  
  52  4:37  Assimilator, Probe  
  54  4:50  Stalker  
  54  4:51  Stalker  
  58  4:53  Probe  
  58  4:56  Probe  
  60  5:01  Shield Battery  
  60  5:04  Pylon  
  60  5:08  Probe x2  
  60  5:13  Stalker  
  64  5:15  Stalker  
  66  5:23  Gateway  
  66  5:24  Probe  
  66  5:25  Probe  
  68  5:40  Stalker x3  
  68  5:41  Probe  
  68  5:42  Probe  
  76  5:53  Nexus  
  76  5:58  Pylon  
  75  6:14  Probe x2  
  75  6:20  Stalker x4  
  83  6:29  Probe x2  
  83  6:31  Charge  
  79  6:34  Templar Archives  
  79  6:36  Gateway  
  79  6:37  Gateway  
  75  6:41  Probe x2  
  71  6:47  Stalker x3  
  71  6:48  Zealot  
  71  6:50  Assimilator  
  71  6:53  Probe x2  
  81  6:55  Psionic Storm  
  81  6:57  Forge  
  81  7:05  Probe  
  82  7:10  Nexus  
  82  7:18  Probe x2  
  82  7:22  Pylon  
  84  7:34  Probe  
  84  7:35  Probe  
  86  7:45  High Templar x2, Zealot x2  
  86  7:46  Protoss Ground Weapons Level 1 (Chrono Boost)  
  86  7:48  Forge  
  94  7:52  Gateway  
  94  7:53  Pylon, Gateway  
  94  7:57  Photon Cannon  
  94  7:59  Shield Battery  
  94  8:03  Assimilator  
  94  8:07  Assimilator  
  94  8:11  Probe x2  
  94  8:12  High Templar  
  98  8:13  Sentry  
  99  8:23  Zealot x2, Probe  
  99  8:24  Pylon  
  99  8:26  High Templar  
  106  8:32  Pylon  
  106  8:35  Probe x3 (Chrono Boost)  
  105  8:47  Probe (Chrono Boost)  
  108  8:51  Robotics Facility  
  108  8:53  Probe x2 (Chrono Boost)  
  108  8:55  Zealot x3  
  114  9:04  Zealot  
  114  9:05  Zealot x2  
  114  9:06  High Templar  
  122  9:13  Probe x3  
  125  9:17  Photon Cannon  
  113  9:25  Probe x3  
  108  9:39  Zealot x5  
  108  9:40  High Templar x2  
  108  9:44  Warp Prism (Chrono Boost)  
  123  9:46  Protoss Ground Weapons Level 2 (Chrono Boost)  
  122  9:58  Probe x3, Gateway  
  123  10:00  Gateway  
  123  10:11  Pylon, Zealot  
  125  10:14  Pylon  
  125  10:16  Photon Cannon  
  125  10:17  Pylon  
  120  10:23  Immortal (Chrono Boost)  
  123  10:33  Probe x2  
  123  10:34  Probe  
  126  10:35  High Templar x3  
  126  10:36  High Templar x3  
  126  10:40  Archon  
  126  10:41  Archon  
  138  10:45  Zealot  
  138  10:52  Observer (Chrono Boost)  
  138  10:54  Archon  
  138  10:55  Nexus  
  139  10:57  Pylon  
  139  11:03  Robotics Facility  
  136  11:06  Robotics Bay, Observer  
  136  11:08  Photon Cannon  
  137  11:13  Zealot x2  
  137  11:14  Zealot x2  
  145  11:24  Photon Cannon, Stalker  
  145  11:25  Shield Battery  
  142  11:26  Probe (Chrono Boost)  
  137  11:35  Probe (Chrono Boost)  
  137  11:37  Probe (Chrono Boost)  
  137  11:38  Probe (Chrono Boost)  
  138  11:40  Probe (Chrono Boost)  
  138  11:41  Probe (Chrono Boost)  
  138  11:45  Probe  
  138  11:52  Colossus (Chrono Boost)  
  135  12:00  Protoss Ground Armor Level 1 (Chrono Boost)  
  141  12:02  Colossus (Chrono Boost)  
  141  12:07  Extended Thermal Lance  
  147  12:10  Pylon  
  147  12:12  Pylon  
  147  12:15  Probe x3  
  149  12:16  Probe  
  151  12:27  Probe x2  
  151  12:28  Probe x2  
  155  12:35  Colossus (Chrono Boost)  
  161  12:40  Disruptor (Chrono Boost)  
  162  12:45  Zealot x4  
  170  12:54  Zealot x3  
  172  13:02  Probe x3  
  172  13:03  Probe  
  174  13:12  Archon, Zealot  
  162  13:13  Zealot x3  
  162  13:17  Zealot x3  
  176  13:20  Disruptor (Chrono Boost)  
  162  13:29  Disruptor (Chrono Boost)  
  162  13:31  Probe x4  
  169  13:37  Archon  
  163  13:45  High Templar x2  
  163  13:46  High Templar x4, Zealot  
  177  13:50  Archon x2  
  177  13:51  Archon  
  163  14:10  Archon  
  163  14:11  Zealot  
  145  14:22  Stalker x2  
Show
View Real Time Build Order
Export as new Build Order

Clem Terran 

Build Orders: Cyclone Opening 

Get SALT Encoding   

  12  0:00  SCV  
  13  0:13  SCV  
  14  0:17  Supply Depot  
  14  0:25  SCV  
  15  0:29  Refinery  
  15  0:38  SCV  
  16  0:45  Barracks  
  16  0:50  SCV  
  17  1:01  Engineering Bay  
  17  1:04  SCV  
  18  1:16  SCV  
  19  1:32  Marine, Orbital Command  
  20  1:38  Factory  
  20  1:50  Barracks Reactor  
  20  1:51  Supply Depot  
  20  1:58  SCV  
  21  2:10  SCV  
  21  2:14  Engineering Bay  
  22  2:22  Factory Tech Lab  
  22  2:23  SCV  
  22  2:27  Marine x2  
  24  2:38  Supply Depot  
  24  2:40  Cyclone  
  27  2:45  Command Center  
  27  2:48  Marine  
  27  2:49  Marine  
  29  2:52  SCV  
  29  2:56  Refinery  
  30  3:04  SCV  
  31  3:06  Marine  
  31  3:07  Marine  
  33  3:12  Cyclone  
  33  3:17  Supply Depot  
  36  3:21  SCV  
  37  3:27  Marine x2  
  38  3:36  SCV  
  35  3:45  Marine x2  
  35  3:47  Cyclone  
  37  3:48  SCV  
  37  3:53  Barracks  
  36  4:02  Marine  
  36  4:05  SCV, Marine  
  39  4:14  Barracks  
  39  4:18  SCV  
  39  4:20  Marine  
  39  4:22  Orbital Command  
  41  4:27  Marine  
  41  4:30  SCV  
  43  4:38  Marine  
  43  4:43  SCV  
  43  4:44  Widow Mine  
  43  4:45  Marine  
  48  4:48  SCV  
  49  4:55  SCV, Marine, Stimpack  
  49  4:56  Marine  
  49  4:59  Supply Depot  
  52  5:01  SCV  
  52  5:03  Marine  
  52  5:04  Barracks Tech Lab  
  55  5:07  SCV  
  55  5:09  Starport  
  55  5:10  Factory Reactor  
  55  5:13  SCV, Marine  
  57  5:18  Marine  
  57  5:19  SCV, Supply Depot  
  59  5:24  Marine x2  
  59  5:25  Supply Depot  
  59  5:26  SCV  
  59  5:28  Combat Shield  
  62  5:32  SCV  
  63  5:36  Engineering Bay  
  63  5:38  SCV  
  63  5:41  Refinery  
  63  5:42  Marine  
  65  5:44  Marine, Supply Depot  
  65  5:45  Marine  
  65  5:46  Marine  
  68  5:51  SCV  
  68  5:52  SCV  
  68  5:54  Factory Reactor  
  70  5:57  Supply Depot  
  70  6:01  Marine  
  70  6:02  Marine  
  72  6:07  Medivac  
  72  6:08  Medivac  
  72  6:09  Marauder  
  72  6:10  Marauder  
  75  6:23  Marine x2  
  75  6:31  Marauder x2  
  75  6:32  Widow Mine, Hellion  
  65  6:41  Marine  
  65  6:42  Marine  
  65  6:46  Medivac  
  62  6:52  Marauder  
  62  6:53  Marauder, Widow Mine  
  62  6:54  SCV  
  68  6:58  Medivac  
  68  6:59  Marine  
  68  7:00  Marine  
  72  7:03  SCV  
  73  7:12  SCV  
  73  7:13  Marine  
  73  7:14  Marauder  
  77  7:15  SCV  
  77  7:17  Marine, Widow Mine  
  77  7:19  Marine  
  82  7:24  Widow Mine  
  82  7:25  SCV  
  82  7:26  Medivac  
  86  7:31  Marauder  
  86  7:32  SCV  
  86  7:34  Supply Depot  
  87  7:37  SCV  
  87  7:38  Concussive Shells, Marine x2  
  88  7:44  SCV  
  88  7:46  Marauder  
  88  7:49  SCV  
  88  7:50  Widow Mine  
  92  7:52  Widow Mine  
  92  7:57  Marauder  
  96  7:58  Refinery  
  96  8:02  SCV  
  96  8:03  SCV  
  96  8:04  Marine x2  
  100  8:07  Marauder  
  102  8:16  Command Center  
  102  8:19  Marine  
  103  8:22  Supply Depot  
  103  8:24  Widow Mine  
  103  8:25  Marine x2, Widow Mine  
  109  8:28  Terran Infantry Armor Level 1  
  109  8:29  SCV  
  110  8:39  Medivac  
  110  8:41  Supply Depot  
  110  8:44  SCV, Marauder, Marine x2  
  110  8:46  Marauder  
  110  8:48  Medivac  
  115  8:53  Widow Mine  
  117  8:59  Supply Depot  
  117  9:02  SCV  
  117  9:03  Widow Mine  
  117  9:05  Marine x2  
  117  9:06  Marauder  
  117  9:07  Marauder  
  124  9:14  Supply Depot  
  124  9:15  Widow Mine  
  123  9:20  Medivac  
  121  9:25  SCV x2  
  121  9:26  Marine x2, Barracks  
  121  9:27  Barracks  
  121  9:31  Widow Mine  
  122  9:35  Medivac  
  124  9:40  Marauder  
  124  9:41  Marauder  
  124  9:42  SCV  
  127  9:45  Marine x2  
  127  9:51  Orbital Command  
  129  9:53  SCV  
  129  9:58  Widow Mine x2  
  134  10:02  SCV  
  134  10:05  SCV, Marine  
  134  10:06  Marauder, Supply Depot  
  139  10:09  Marauder  
  139  10:12  Marine  
  142  10:18  Barracks Tech Lab, Barracks Reactor  
  142  10:19  Ghost Academy  
  142  10:23  Marine  
  142  10:27  Marauder  
  139  10:30  Marine  
  139  10:32  SCV x2  
  139  10:34  Widow Mine x2  
  146  10:39  Marine x2  
  146  10:40  Supply Depot  
  146  10:41  SCV  
  144  10:44  SCV  
  144  10:45  SCV  
  144  10:49  Marauder  
  148  10:50  Viking  
  148  10:51  Viking  
  148  10:53  SCV  
  153  11:00  Widow Mine  
  153  11:01  Widow Mine  
  153  11:02  Ghost  
  153  11:03  Ghost  
  160  11:06  Refinery  
  160  11:10  Armory  
  160  11:11  Engineering Bay  
  158  11:20  Marine x2  
  158  11:22  Widow Mine x2  
  158  11:25  Marine, Medivac  
  165  11:27  Medivac  
  165  11:29  Marine  
  165  11:32  Marauder  
  168  11:37  SCV  
  165  11:40  Marine x2  
  165  11:44  Command Center  
  165  11:46  Ghost  
  168  11:49  Supply Depot  
  168  11:50  Marine, Widow Mine x2, Supply Depot  
  173  11:57  Refinery  
  173  12:03  Missile Turret  
  173  12:11  SCV x3, Marine x3, Medivac  
  173  12:12  Supply Depot, Medivac  
  183  12:16  Marauder  
  183  12:19  Ghost  
  183  12:22  Missile Turret  
  185  12:25  Missile Turret  
  185  12:26  SCV  
  185  12:28  SCV  
  187  12:34  Ghost  
  189  12:43  Marine x4  
  187  12:44  Viking  
  187  12:50  Marauder, Ghost  
  191  13:02  Marine  
  191  13:03  Marauder  
  191  13:05  Viking  
  196  13:06  Marine  
  196  13:08  Widow Mine  
  196  13:12  Ghost  
  191  13:15  Medivac  
  191  13:16  Marine, Widow Mine  
  191  13:18  SCV  
  194  13:20  Marauder  
  194  13:21  Marine x2  
  194  13:25  SCV  
  197  13:29  Marine  
  187  13:34  Marine, Widow Mine  
  187  13:35  Medivac  
  187  13:36  SCV  
  187  13:40  Marine x2, Ghost  
  172  13:42  Widow Mine  
  172  13:44  Planetary Fortress  
  173  13:49  Marine  
  173  13:50  Viking  
  173  13:55  Ghost  
  162  14:05  Marine  
  162  14:06  SCV  
  162  14:08  SCV  

Tags
 
Add a new tag
Caveats
  • Supply blocks, unpowered buildings, or Contaminate may cause inaccurate times.
  • Supply counts are checked every 10 seconds.